Map: Romanticide LE

Players

Probe - Winner!

  • Race: Protoss Protoss

MeomaikA

  • Race: Zerg Zerg

Event: DreamHack SC2 Masters 2021 Fall

VOD

Have the link to the VOD?

Description

Time

  • Played on: Aug. 1, 2021, 5:49 a.m.
  • Length: 16:33

All games in this series

Show
View Real Time Build Order
Export as new Build Order

Probe Protoss - Winner!

Build Orders: 1 Gate Expand, Oracle Opening, Carriers, Zealot Archon 

Get SALT Encoding   

  12  0:00  Probe  
  13  0:12  Probe  
  14  0:19  Pylon  
  14  0:24  Probe  
  15  0:37  Probe (Chrono Boost)  
  16  0:42  Gateway  
  16  0:46  Probe (Chrono Boost)  
  17  0:50  Assimilator  
  17  0:52  Probe  
  18  1:04  Probe  
  19  1:16  Probe  
  20  1:25  Nexus  
  20  1:35  Cybernetics Core  
  20  1:38  Probe  
  21  1:47  Assimilator  
  22  1:55  Zealot (Chrono Boost)  
  22  1:57  Pylon  
  22  2:01  Probe  
  24  2:15  Probe (Chrono Boost)  
  24  2:19  Adept (Chrono Boost)  
  26  2:24  Stargate  
  26  2:27  Probe (Chrono Boost)  
  28  2:37  Probe (Chrono Boost)  
  28  2:38  Probe (Chrono Boost), Warp Gate  
  29  2:47  Probe (Chrono Boost)  
  29  2:49  Probe (Chrono Boost)  
  31  2:52  Probe (Chrono Boost)  
  32  2:58  Probe  
  32  2:59  Void Ray (Chrono Boost)  
  32  3:04  Shield Battery, Probe  
  34  3:10  Probe  
  39  3:16  Probe  
  40  3:22  Probe  
  41  3:28  Probe  
  42  3:35  Probe  
  42  3:36  Oracle  
  42  3:40  Probe  
  45  3:44  Gateway  
  45  3:46  Pylon  
  45  3:47  Probe  
  45  3:48  Pylon  
  46  4:04  Void Ray (Chrono Boost), Probe (Chrono Boost)  
  46  4:07  Assimilator  
  46  4:08  Pylon, Probe (Chrono Boost)  
  46  4:09  Assimilator  
  48  4:15  Probe (Chrono Boost)  
  54  4:19  Probe (Chrono Boost)  
  54  4:20  Probe (Chrono Boost)  
  55  4:26  Adept  
  55  4:28  Probe  
  55  4:30  Probe  
  59  4:40  Probe  
  59  4:42  Nexus, Probe  
  59  4:43  Pylon  
  61  4:51  Twilight Council  
  62  4:52  Probe  
  62  4:54  Forge, Probe  
  63  5:04  Shield Battery, Adept, Probe  
  63  5:07  Probe  
  67  5:08  Pylon  
  67  5:14  Protoss Ground Weapons Level 1 (Chrono Boost)  
  67  5:17  Probe  
  67  5:19  Probe  
  69  5:25  Charge (Chrono Boost), Robotics Facility  
  69  5:27  Templar Archives  
  69  5:29  Probe  
  69  5:31  Probe  
  71  5:41  Probe  
  72  5:43  Probe  
  72  5:45  Gateway  
  72  5:47  Gateway  
  73  5:53  Probe  
  73  5:55  Probe  
  75  5:58  Psionic Storm  
  75  6:01  Gateway, Probe  
  75  6:03  Gateway  
  76  6:06  Gateway  
  76  6:10  High Templar x2  
  80  6:15  Gateway, Probe x2  
  82  6:19  Probe  
  82  6:25  Assimilator, Observer  
  84  6:26  Assimilator  
  84  6:27  Probe x2  
  84  6:31  Gateway  
  84  6:32  Gateway  
  86  6:33  Pylon  
  86  6:40  High Templar  
  86  6:41  High Templar  
  86  6:43  Probe x2  
  86  6:46  Warp Prism  
  94  6:47  Pylon  
  94  6:53  Stalker  
  96  6:54  Probe  
  96  6:57  Zealot x3  
  103  7:02  Photon Cannon  
  103  7:10  Probe x2  
  103  7:14  High Templar x2  
  103  7:15  Zealot x2  
  113  7:21  Archon  
  113  7:26  Zealot x2  
  113  7:27  Pylon, Protoss Ground Weapons Level 2 (Chrono Boost)  
  113  7:28  Pylon  
  117  7:31  Pylon  
  117  7:33  Pylon  
  117  7:34  Pylon x2  
  117  7:54  Nexus  
  117  7:55  Zealot  
  117  7:56  Zealot x6  
  127  8:11  Zealot  
  123  8:14  Probe x2  
  123  8:19  Zealot x3  
  121  8:20  Zealot x3  
  121  8:23  Probe  
  121  8:26  Probe  
  118  8:27  Probe  
  118  8:32  High Templar  
  118  8:33  High Templar  
  117  8:38  Pylon  
  115  8:41  Archon  
  115  8:42  High Templar x4  
  115  8:43  Probe x2  
  125  8:48  Photon Cannon  
  125  8:51  Shield Battery  
  125  8:52  Immortal (Chrono Boost)  
  129  8:59  Shield Battery  
  129  9:00  High Templar x2  
  133  9:04  Archon  
  133  9:06  Zealot x2  
  137  9:11  Shield Battery  
  137  9:13  Shield Battery  
  137  9:15  Zealot x2  
  141  9:21  Zealot x2  
  141  9:22  Probe  
  140  9:25  Immortal (Chrono Boost)  
  140  9:29  Zealot x2  
  134  9:39  High Templar x2  
  134  9:40  Zealot x2  
  142  9:52  Photon Cannon  
  142  9:54  Zealot x4  
  142  9:55  Archon  
  142  9:56  Immortal (Chrono Boost)  
  145  10:02  Probe x3  
  140  10:08  Zealot x2  
  140  10:13  Archon  
  140  10:14  Zealot x3, Probe x2  
  136  10:23  Zealot  
  136  10:24  Zealot x2  
  130  10:28  Zealot  
  130  10:29  Zealot  
  130  10:34  Immortal (Chrono Boost)  
  136  10:39  High Templar x3  
  136  10:40  Pylon  
  136  10:41  Pylon  
  142  10:43  Probe x2  
  142  10:48  Zealot  
  144  10:52  Zealot  
  144  10:53  Zealot x6  
  144  10:54  Probe  
  144  10:55  Probe x2  
  153  10:58  Pylon  
  149  11:10  Immortal (Chrono Boost)  
  147  11:12  Zealot x3  
  147  11:13  Zealot x3  
  147  11:20  Photon Cannon  
  143  11:27  Archon x2  
  143  11:29  Archon  
  143  11:30  High Templar x4  
  141  11:37  High Templar x5  
  151  11:42  Immortal (Chrono Boost)  
  151  11:43  Archon  
  145  11:50  Assimilator  
  145  11:52  Assimilator  
  143  11:54  High Templar  
  143  11:58  Photon Cannon  
  143  11:59  Shield Battery  
  143  12:01  Photon Cannon  
  145  12:02  Photon Cannon  
  145  12:05  Zealot, Immortal (Chrono Boost)  
  145  12:06  Zealot x3  
  145  12:07  Photon Cannon  
  157  12:11  Zealot x3  
  157  12:12  Zealot  
  161  12:23  Zealot  
  157  12:31  Zealot  
  157  12:32  Zealot x4  
  157  12:35  Protoss Ground Weapons Level 3 (Chrono Boost)  
  157  12:36  Nexus  
  157  12:52  Stargate  
  157  12:54  Fleet Beacon  
  157  12:56  Stargate  
  157  13:05  Zealot x7  
  159  13:07  Probe  
  159  13:10  Probe  
  157  13:13  High Templar x3  
  157  13:14  Archon x2  
  159  13:20  Probe  
  159  13:26  Pylon  
  154  13:29  Pylon  
  154  13:31  High Templar x2  
  154  13:34  Protoss Air Weapons Level 1 (Chrono Boost), Observer (Chrono Boost)  
  159  13:38  Zealot x3  
  159  13:39  Zealot x2  
  166  13:56  Zealot x3  
  164  14:13  Zealot  
  164  14:14  Zealot x6  
  170  14:21  Immortal  
  170  14:22  Carrier x2 (Chrono Boost)  
  170  14:23  Carrier (Chrono Boost)  
  166  14:36  Probe x2  
  180  14:44  Zealot x8  
  192  15:07  High Templar x3  
  192  15:10  High Templar  
  192  15:12  Carrier (Chrono Boost)  
  192  15:13  Carrier (Chrono Boost)  
  186  15:17  Carrier (Chrono Boost)  
  192  15:27  Pylon, Shield Battery  
  198  15:29  Pylon  
  198  15:35  Assimilator, Shield Battery  
  198  15:38  Assimilator  
  198  15:42  Zealot  
  200  15:43  Pylon  
  198  16:01  Zealot x2  
  200  16:09  Archon, Zealot x6  
Show
View Real Time Build Order
Export as new Build Order

MeomaikA Zerg 

Build Orders: Pool First 

Get SALT Encoding   

  12  0:00  Drone  
  13  0:08  Drone  
  14  0:16  Overlord  
  14  0:23  Extractor  
  14  0:24  Drone  
  15  0:34  Drone x2  
  17  0:44  Spawning Pool  
  17  0:47  Drone  
  17  1:01  Drone  
  17  1:03  Extractor  
  17  1:12  Hatchery  
  17  1:16  Drone  
  17  1:30  Zergling x4  
  19  1:33  Queen  
  19  1:37  Drone  
  22  1:47  Overlord  
  22  2:05  Metabolic Boost  
  22  2:06  Drone  
  23  2:09  Queen, Drone  
  26  2:20  Drone  
  27  2:24  Drone  
  28  2:31  Drone  
  28  2:35  Drone  
  30  2:40  Drone  
  30  2:41  Drone x2  
  30  2:43  Drone  
  34  2:54  Hatchery  
  34  2:58  Overlord  
  33  3:01  Drone  
  33  3:03  Drone  
  35  3:07  Drone  
  36  3:16  Drone x4  
  36  3:17  Drone  
  36  3:19  Drone  
  42  3:23  Drone  
  41  3:31  Spore Crawler  
  39  3:36  Drone  
  39  3:37  Drone x3  
  39  3:39  Spore Crawler  
  42  3:44  Spore Crawler  
  42  3:45  Drone  
  42  3:46  Drone  
  42  3:48  Drone  
  44  4:00  Lair, Overlord  
  44  4:01  Overlord  
  44  4:09  Extractor, Overlord  
  43  4:15  Evolution Chamber  
  42  4:18  Queen x2  
  42  4:19  Drone  
  42  4:20  Drone  
  42  4:22  Drone  
  42  4:23  Drone  
  50  4:24  Drone  
  50  4:27  Drone  
  50  4:29  Drone  
  50  4:30  Drone  
  54  4:32  Drone  
  54  4:35  Drone x2  
  54  4:36  Drone  
  58  4:42  Drone x3  
  61  4:46  Zerg Missile Weapons Level 1  
  61  4:48  Drone  
  61  4:49  Drone x2  
  61  4:52  Extractor, Drone  
  65  4:54  Extractor, Drone  
  65  4:55  Drone  
  65  5:00  Overlord  
  65  5:01  Drone  
  65  5:04  Hydralisk Den  
  65  5:05  Drone  
  66  5:12  Overlord  
  66  5:22  Drone x7  
  66  5:27  Overlord  
  73  5:30  Queen  
  73  5:33  Hatchery  
  73  5:34  Overlord  
  74  5:37  Muscular Augments, Evolution Chamber  
  74  5:40  Roach Warren  
  74  5:42  Drone x2  
  74  5:43  Drone  
  74  5:45  Drone x2  
  74  5:48  Drone x2  
  79  5:50  Overlord  
  79  5:52  Hydralisk  
  81  5:58  Hydralisk x3  
  81  6:01  Overlord  
  81  6:02  Hydralisk  
  89  6:06  Zerg Ground Armor Level 1  
  89  6:08  Hydralisk  
  91  6:13  Overlord, Hydralisk  
  91  6:14  Hydralisk  
  91  6:17  Overlord  
  95  6:20  Glial Reconstitution  
  95  6:21  Roach  
  95  6:23  Roach x2  
  101  6:26  Roach  
  101  6:27  Roach  
  101  6:28  Roach  
  101  6:31  Roach  
  109  6:33  Hydralisk  
  109  6:36  Overlord  
  111  6:41  Hydralisk x3  
  111  6:43  Roach  
  111  6:44  Roach  
  121  6:48  Zerg Missile Weapons Level 2  
  121  6:50  Extractor, Drone  
  121  6:51  Drone x2  
  123  6:55  Drone x2  
  123  6:56  Drone x3  
  123  6:59  Roach x2  
  130  7:01  Hydralisk  
  130  7:02  Hydralisk  
  130  7:08  Drone x2  
  136  7:09  Extractor  
  136  7:10  Drone  
  136  7:13  Drone x4  
  136  7:15  Infestation Pit  
  139  7:30  Drone x3  
  139  7:31  Drone  
  139  7:33  Overlord x2  
  139  7:36  Overlord  
  143  7:39  Spine Crawler x2  
  143  7:40  Drone x2  
  143  7:41  Hatchery, Spine Crawler  
  141  7:45  Queen  
  141  7:46  Overlord x2  
  141  7:48  Overlord  
  143  7:53  Hive  
  143  7:56  Hydralisk x4  
  149  7:58  Roach x3  
  149  8:00  Roach x2  
  149  8:02  Roach  
  155  8:06  Roach x3  
  155  8:07  Roach  
  155  8:10  Roach  
  155  8:11  Roach  
  153  8:14  Roach  
  153  8:15  Roach  
  153  8:18  Roach  
  153  8:19  Roach  
  132  8:22  Roach  
  132  8:25  Roach x2  
  131  8:27  Roach  
  131  8:34  Hydralisk x2  
  131  8:36  Roach  
  137  8:41  Drone x2  
  137  8:42  Drone  
  137  8:44  Roach  
  137  8:45  Roach  
  137  8:46  Roach  
  146  8:50  Roach x2  
  146  8:53  Drone  
  146  8:54  Drone x2  
  153  8:59  Hydralisk x2  
  153  9:00  Hydralisk  
  153  9:02  Roach  
  161  9:04  Roach  
  161  9:06  Roach  
  163  9:11  Roach x3  
  163  9:12  Roach  
  163  9:14  Roach  
  173  9:21  Roach x2  
  173  9:22  Roach x2  
  169  9:24  Roach  
  169  9:25  Roach  
  169  9:26  Roach  
  169  9:27  Roach  
  169  9:30  Roach  
  167  9:34  Hydralisk x2  
  167  9:36  Drone x2  
  167  9:37  Drone  
  172  9:44  Drone x6  
  166  10:00  Hydralisk x7  
  166  10:01  Zergling x4  
  170  10:07  Roach x3  
  170  10:08  Roach  
  170  10:10  Roach  
  170  10:11  Roach  
  166  10:15  Roach  
  166  10:16  Roach  
  166  10:17  Roach  
  166  10:19  Roach  
  166  10:20  Roach  
  166  10:22  Roach  
  166  10:23  Roach  
  166  10:25  Drone x4  
  166  10:26  Drone  
  166  10:27  Roach  
  167  10:29  Roach  
  167  10:31  Hydralisk  
  167  10:32  Drone x2  
  167  10:34  Extractor  
  168  10:40  Roach x4  
  168  10:42  Roach x2  
  178  10:44  Roach  
  178  10:46  Roach  
  178  10:49  Roach x2  
  184  10:52  Roach  
  184  10:54  Hydralisk  
  184  10:55  Drone  
  184  10:56  Drone x3  
  186  10:58  Extractor  
  186  10:59  Hydralisk  
  186  11:00  Spine Crawler  
  186  11:01  Spore Crawler, Hydralisk  
  170  11:12  Infestor  
  170  11:16  Hydralisk x2  
  170  11:17  Zergling x4  
  170  11:18  Zergling x14  
  176  11:20  Roach  
  160  11:26  Roach  
  160  11:27  Roach x3  
  160  11:28  Roach  
  123  11:33  Roach  
  123  11:35  Roach x2  
  123  11:37  Roach  
  127  11:40  Roach  
  127  11:43  Roach  
  127  11:46  Hydralisk x2  
  127  11:47  Extractor  
  129  11:49  Hydralisk  
  129  11:53  Hydralisk  
  133  11:55  Drone x3  
  133  11:58  Hydralisk  
  133  12:00  Queen, Drone  
  141  12:01  Extractor  
  141  12:05  Drone x3  
  141  12:06  Hydralisk x3  
  149  12:11  Hydralisk x2  
  149  12:14  Hydralisk  
  155  12:16  Queen  
  155  12:18  Hydralisk  
  155  12:20  Hydralisk  
  156  12:23  Queen  
  157  12:30  Drone x3  
  157  12:36  Zerg Missile Weapons Level 3  
  160  12:39  Hatchery  
  160  12:42  Zergling x2  
  160  12:43  Zergling x6  
  159  12:48  Roach x5  
  157  13:05  Roach x12  
  169  13:07  Roach  
  169  13:08  Roach  
  169  13:11  Drone x2  
  171  13:15  Zerg Ground Armor Level 2  
  171  13:17  Roach  
  173  13:20  Roach x2  
  173  13:22  Roach  
  173  13:23  Roach  
  173  13:26  Viper  
  181  13:27  Viper  
  181  13:34  Roach  
  189  13:41  Overlord  
  189  13:42  Overlord  
  183  14:13  Hydralisk x4  
  183  14:14  Hydralisk x9  
  183  14:15  Hydralisk  
  183  14:16  Zergling x4  
  196  14:22  Hydralisk x2  
  184  14:32  Hydralisk  
  184  14:33  Hydralisk x3  
  184  14:34  Hydralisk x3  
  184  14:35  Roach x3  
  184  14:36  Roach x4  
  199  14:55  Overseer  
  199  15:14  Lair  
  199  15:18  Roach x8  
  198  15:31  Drone x2  

Tags
 
Add a new tag
Caveats
  • Supply blocks, unpowered buildings, or Contaminate may cause inaccurate times.
  • Supply counts are checked every 10 seconds.